cohdb
Replays
Latest Replays
All Replays
Popular Replays
Top Player Replays
Match Explorer
How It Works
Community
CoH3 Stats
Reddit
Sign in to upload your games and track your stats! →
Sign in with Steam
Match 40426840
Unlisted
Match 40426840
Overview
Messages
Build Orders
End
Kradschützen Motorcycle Team
Panzergrenadier Squad
Panzergrenadier Squad
Panzergrenadier Squad
Construct Light Support Kompanie
Construct Light Support Kompanie
Construct Mechanized Kompanie
Panzerjäger Squad
Construct Mechanized Kompanie
Selects Battlefield Espionage Battlegroup
Selects Intel Disruption Beacon
8 Rad Armored Car
Veteran Squad Leaders
2.5-tonne Medical Truck
Marder III Tank Destroyer
Selects Transfer Depots
thanataur
Prime
Depthz
raven182
BloodSpark
Rummel
Cons01
Ori
0
0
Comments
sign in to comment!
No comments posted yet!